| TOP OF THE 1ST |
|
Caldwell Claws batting - Pitching for Fargo Brewmasters : RHP Alex Maldonado
|
|
Pitching: RHP Alex Maldonado
|
|
|
Batting: RHB Kim Christensen
|
0-0: Called Strike 0-1: Ball 1-1: Foul Ball, location: 2F 1-2: Ball 2-2: Foul Ball, location: 2F 2-2: Ball 3-2: Foul Ball, location: 2F 3-2: Ground out 3-1 (Groundball, 34S, EV 88.1 MPH)
|
|
Batting: RHB David Morales
|
0-0: SINGLE (Groundball, 4S, EV 77.5 MPH) (infield hit)
|
|
Batting: LHB Miguel Negron
|
0-0: Ball 1-0: Foul Ball, location: 2F 1-1: Swinging Strike 1-2: Foul Ball, location: 2F 1-2: Fielders Choice at 2nd, 4-6 (Groundball, 34, EV 91.9 MPH)
|
|
Batting: LHB Dave Smith
|
0-0: Called Strike 0-1: Ball 1-1: Ball 2-1: Swinging Strike 2-2: Strikes out swinging
|
| Top of the 1st over - 0 runs, 1 hit, 0 errors, 1 left on base; Caldwell 0 - Fargo 0 |
| BOTTOM OF THE 1ST |
|
Fargo Brewmasters batting - Pitching for Caldwell Claws : RHP Mario Galvan
|
|
Pitching: RHP Mario Galvan
|
|
|
Batting: SHB Angel Escobar
|
0-0: Swinging Strike 0-1: Foul Ball, location: 2F 0-2: Ball 1-2: Ball 2-2: Fly out, F2 (Popup, 5SF, EV 75.0 MPH)
|
|
Batting: LHB Victor Fernandez
|
0-0: Called Strike 0-1: Ground out U3 (Groundball, 34, EV 82.5 MPH)
|
|
Batting: RHB Forace Oxendine
|
0-0: Ball 1-0: Foul Ball, location: 2F 1-1: Fly out, F8 (Flyball, 8RXD, EV 90.6 MPH)
|
| Bottom of the 1st over - 0 runs, 0 hits, 0 errors, 0 left on base; Caldwell 0 - Fargo 0 |
| TOP OF THE 2ND |
|
Caldwell Claws batting - Pitching for Fargo Brewmasters : RHP Alex Maldonado
|
|
Batting: LHB Gregory Robles
|
0-0: Ball 1-0: Ball 2-0: SINGLE (Groundball, 34D, EV 102.5 MPH)
|
|
Batting: LHB Joseph Wesley
|
0-0: Ball 1-0: Ball 2-0: Called Strike 2-1: Foul Ball, location: 2F 2-2: Foul Ball, location: 2F 2-2: Foul Ball, location: 2F 2-2: Foul Ball, location: 2F 2-2: Ball 3-2: DOUBLE (Line Drive, 78D, EV 104.4 MPH) Gregory Robles to third Runner from 3rd tries for Home, SAFE, no throw by LF
|
|
Batting: LHB Willie Vigil
|
0-0: SINGLE (Line Drive, 89S, EV 111.9 MPH) Joseph Wesley to third
|
|
Batting: LHB Roberto Guillen
|
0-0: Ball 1-0: SINGLE (Line Drive, 8LS, EV 100.6 MPH) Joseph Wesley scores Willie Vigil to second
|
|
Batting: RHB Henry Bender
|
0-0: Called Strike 0-1: Called Strike 0-2: SINGLE (Groundball, 34D, EV 105.0 MPH) Willie Vigil to third Roberto Guillen to second Runner from 3rd tries for Home, SAFE, throw by RF to home
|
|
Batting: RHB Kim Christensen
|
0-0: Ball 1-0: Swinging Strike 1-1: Called Strike 1-2: Strikes out swinging
|
|
Batting: RHB David Morales
|
0-0: Fielders Choice at 2nd, 5-4 (Groundball, 56, EV 99.4 MPH) Roberto Guillen to third
|
|
Batting: LHB Miguel Negron
|
0-0: Ball 1-0: Ball 2-0: Ball 3-0: Called Strike 3-1: Base on Balls David Morales to second
|
|
Batting: LHB Dave Smith
|
0-0: Foul Ball, location: 2F 0-1: Foul Ball, location: 2F 0-2: Ground out U3 (Groundball, 3L, EV 101.9 MPH)
|
| Top of the 2nd over - 3 runs, 5 hits, 0 errors, 3 left on base; Caldwell 3 - Fargo 0 |
| BOTTOM OF THE 2ND |
|
Fargo Brewmasters batting - Pitching for Caldwell Claws : RHP Mario Galvan
|
|
Batting: RHB Dick E Scott
|
0-0: Ball 1-0: Ball 2-0: Called Strike 2-1: Ball 3-1: Base on Balls
|
|
Batting: RHB Gus Polidor
|
0-0: Ball 1-0: Ball 2-0: Ball 3-0: Called Strike 3-1: Called Strike 3-2: Ground out 3-1 (Groundball, 23, EV 78.1 MPH) Dick E Scott to second
|
|
Batting: RHB Juan Picart
|
0-0: Foul Ball, location: 2F 0-1: Called Strike 0-2: Ball 1-2: Fly out, F2 (Popup, 5SF, EV 85.6 MPH)
|
|
Batting: SHB Elton Hooker
|
0-0: Called Strike 0-1: Called Strike 0-2: SINGLE (Line Drive, 9S, EV 91.9 MPH) Dick E Scott to third Runner from 3rd tries for Home, SAFE, throw by RF to home
|
|
Batting: RHB Randall Thorpe
|
0-0: Foul Ball, location: 2F 0-1: Reached on error, E1 (Groundball, 15, EV 65.6 MPH) Elton Hooker to second
|
|
Batting: RHB David Gaunce
|
0-0: Ball 1-0: Foul Ball, location: 2F 1-1: Ball 2-1: Ball 3-1: Fielders Choice at 2nd, 6-4 (Groundball, 6, EV 89.4 MPH)
|
| Bottom of the 2nd over - 1 run, 1 hit, 1 error, 2 left on base; Caldwell 3 - Fargo 1 |
| TOP OF THE 3RD |
|
Caldwell Claws batting - Pitching for Fargo Brewmasters : RHP Alex Maldonado
|
|
Batting: LHB Gregory Robles
|
0-0: Called Strike 0-1: Fly out, F4 (Popup, 4S, EV 71.3 MPH)
|
|
Batting: LHB Joseph Wesley
|
0-0: Ball 1-0: Foul Ball, location: 2F 1-1: Ball 2-1: Ball 3-1: Called Strike 3-2: Foul Ball, location: 2F 3-2: Foul Ball, location: 2F 3-2: Base on Balls
|
|
Batting: LHB Willie Vigil
|
0-0: Ball 1-0: Fly out, F5 (Popup, 5, EV 79.4 MPH)
|
|
Batting: LHB Roberto Guillen
|
0-0: Ball 1-0: Foul Ball, location: 2F 1-1: Fly out, F8 (Flyball, 8LD, EV 95.0 MPH)
|
| Top of the 3rd over - 0 runs, 0 hits, 0 errors, 1 left on base; Caldwell 3 - Fargo 1 |
| BOTTOM OF THE 3RD |
|
Fargo Brewmasters batting - Pitching for Caldwell Claws : RHP Mario Galvan
|
|
Batting: SHB Angel Escobar
|
0-0: Called Strike 0-1: Foul Ball, location: 2F 0-2: Ball 1-2: Foul Ball, location: 2F 1-2: Ball 2-2: Foul Ball, location: 2F 2-2: Fly out, F7 (Flyball, 78D, EV 92.5 MPH)
|
|
Batting: LHB Victor Fernandez
|
0-0: Called Strike 0-1: DOUBLE (Line Drive, 7LM, EV 91.3 MPH)
|
|
Batting: RHB Forace Oxendine
|
0-0: Ball 1-0: Ground out 4-3 (Groundball, 4, EV 77.5 MPH) Victor Fernandez to third
|
|
Batting: RHB Dick E Scott
|
0-0: Foul Ball, location: 2F 0-1: Swinging Strike 0-2: Strikes out swinging
|
| Bottom of the 3rd over - 0 runs, 1 hit, 0 errors, 1 left on base; Caldwell 3 - Fargo 1 |
| TOP OF THE 4TH |
|
Caldwell Claws batting - Pitching for Fargo Brewmasters : RHP Alex Maldonado
|
|
Batting: RHB Henry Bender
|
0-0: Called Strike 0-1: Foul Ball, location: 2F 0-2: Strikes out swinging
|
|
Batting: RHB Kim Christensen
|
0-0: Foul Ball, location: 2F 0-1: Ball 1-1: TRIPLE (Groundball, 5L, EV 107.5 MPH)
|
|
Batting: RHB David Morales
|
0-0: Called Strike 0-1: Ball 1-1: Ground out U3 (Groundball, 34, EV 101.9 MPH) Kim Christensen scores
|
|
Batting: LHB Miguel Negron
|
0-0: Ball 1-0: Swinging Strike 1-1: Ball 2-1: Foul Ball, location: 2F 2-2: Foul Ball, location: 2F 2-2: Foul Ball, location: 2F 2-2: Ball 3-2: SINGLE (Groundball, 56D, EV 110.0 MPH)
|
|
Batting: LHB Dave Smith
|
0-0: Called Strike 0-1: Ball Miguel Negron steals 2nd base 1-1: Called Strike 1-2: Ball 2-2: Ball 3-2: Fly out, F9 (Flyball, 9D, EV 85.6 MPH)
|
| Top of the 4th over - 1 run, 2 hits, 0 errors, 1 left on base; Caldwell 4 - Fargo 1 |
| BOTTOM OF THE 4TH |
|
Fargo Brewmasters batting - Pitching for Caldwell Claws : RHP Mario Galvan
|
|
Batting: RHB Gus Polidor
|
0-0: Ball 1-0: Ball 2-0: Ground out U3 (Groundball, 34S, EV 86.3 MPH)
|
|
Batting: RHB Juan Picart
|
0-0: Swinging Strike 0-1: Ball 1-1: SINGLE (Groundball, 25, EV 69.4 MPH) (infield hit)
|
|
Batting: SHB Elton Hooker
|
0-0: Ball 1-0: Called Strike 1-1: Ball 2-1: Foul Ball, location: 2F 2-2: Foul Ball, location: 2F 2-2: Strikes out swinging
|
|
Batting: RHB Randall Thorpe
|
0-0: Ball 1-0: DOUBLE (Line Drive, 89D, EV 106.9 MPH) Juan Picart to third Runner from 3rd tries for Home, SAFE, throw by CF to trailing runner, OUT at third! 8-3-5
|
| Bottom of the 4th over - 1 run, 2 hits, 0 errors, 0 left on base; Caldwell 4 - Fargo 2 |
| TOP OF THE 5TH |
|
Caldwell Claws batting - Pitching for Fargo Brewmasters : RHP Alex Maldonado
|
|
Batting: LHB Gregory Robles
|
0-0: Ball 1-0: Called Strike 1-1: Ball 2-1: Ball 3-1: Called Strike 3-2: SINGLE (Groundball, 56D, EV 103.1 MPH)
|
|
Batting: LHB Joseph Wesley
|
0-0: Called Strike 0-1: Foul Ball, location: 2F 0-2: Ball 1-2: Ball 2-2: Ball Wild Pitch! Gregory Robles to second 3-2: Ground out 5-3 (Groundball, 56, EV 80.0 MPH)
|
|
Batting: LHB Willie Vigil
|
0-0: Called Strike 0-1: Ball 1-1: DOUBLE (Flyball, 8RXD, EV 99.4 MPH) Gregory Robles scores
|
|
Batting: LHB Roberto Guillen
|
0-0: Ball 1-0: Swinging Strike 1-1: Swinging Strike 1-2: Foul Ball, location: 2F 1-2: Foul Ball, location: 2F 1-2: Ball 2-2: Foul Ball, location: 2F 2-2: Reached on error, E6 (Groundball, 6, EV 101.3 MPH) Willie Vigil to third
|
|
Batting: RHB Henry Bender
|
0-0: Ball 1-0: Called Strike Roberto Guillen steals 2nd, throwing error, E2 Willie Vigil scores Roberto Guillen to third 1-1: Foul Ball, location: 2F 1-2: Ball 2-2: Fly out, F8 (Flyball, 8LD, EV 101.9 MPH) Runner from 3rd tags up, SCORES, throw by CF
|
|
Pitching: LHP Michael Bradley
|
|
|
Batting: RHB Kim Christensen
|
0-0: Foul Ball, location: 2F 0-1: Called Strike 0-2: Fly out, F5 (Popup, 5SF, EV 80.0 MPH)
|
| Top of the 5th over - 3 runs, 2 hits, 2 errors, 0 left on base; Caldwell 7 - Fargo 2 |
| BOTTOM OF THE 5TH |
|
Fargo Brewmasters batting - Pitching for Caldwell Claws : RHP Mario Galvan
|
|
Batting: RHB David Gaunce
|
0-0: Ball 1-0: Ground out 6-3 (Groundball, 6, EV 96.9 MPH)
|
|
Batting: SHB Angel Escobar
|
0-0: Ball 1-0: Called Strike 1-1: Ground out 6-3 (Groundball, 6M, EV 87.5 MPH)
|
|
Batting: LHB Victor Fernandez
|
0-0: Ball 1-0: Foul Ball, location: 2F 1-1: Ball 2-1: Ground out 4-3 (Groundball, 4, EV 86.9 MPH)
|
| Bottom of the 5th over - 0 runs, 0 hits, 0 errors, 0 left on base; Caldwell 7 - Fargo 2 |
| TOP OF THE 6TH |
|
Caldwell Claws batting - Pitching for Fargo Brewmasters : LHP Michael Bradley
|
|
Batting: RHB David Morales
|
0-0: Called Strike 0-1: Foul Ball, location: 2F 0-2: Ball 1-2: Ball 2-2: Ground out 4-3 (Groundball, 4, EV 90.0 MPH)
|
|
Batting: LHB Miguel Negron
|
0-0: Ball 1-0: Called Strike 1-1: Ball 2-1: Ball 3-1: Foul Ball, location: 2F 3-2: Foul Ball, location: 2F 3-2: Base on Balls
|
|
Batting: LHB Dave Smith
|
0-0: Called Strike 0-1: Ball 1-1: Ball 2-1: Ball 3-1: Base on Balls Miguel Negron to second
|
|
Batting: LHB Gregory Robles
|
0-0: Ball 1-0: DOUBLE (Line Drive, 89D, EV 110.6 MPH) Miguel Negron scores Dave Smith to third Runner from 3rd tries for Home, SAFE, throw by CF to home
|
|
Batting: LHB Joseph Wesley
|
0-0: Ball 1-0: Ball 2-0: Ball 3-0: Called Strike 3-1: Base on Balls
|
|
Batting: LHB Willie Vigil
|
0-0: Ball 1-0: Called Strike 1-1: Fielders Choice at 2nd, 4-6 (Groundball, 4, EV 98.8 MPH) Gregory Robles to third
|
|
Batting: LHB Roberto Guillen
|
0-0: Called Strike 0-1: Ball 1-1: Ball 2-1: Foul Ball, location: 2F 2-2: Ball 3-2: Strikes out swinging
|
| Top of the 6th over - 2 runs, 1 hit, 0 errors, 2 left on base; Caldwell 9 - Fargo 2 |
| BOTTOM OF THE 6TH |
|
Fargo Brewmasters batting - Pitching for Caldwell Claws : RHP Mario Galvan
|
|
Batting: RHB Forace Oxendine
|
0-0: Ball 1-0: Ball 2-0: Ball 3-0: Called Strike 3-1: Ground out 3-1 (Groundball, 34, EV 88.1 MPH)
|
|
Batting: RHB Dick E Scott
|
0-0: Ball 1-0: Foul Ball, location: 2F 1-1: Ball 2-1: Ground out 5-3 (Groundball, 5L, EV 108.1 MPH)
|
|
Batting: RHB Gus Polidor
|
0-0: Foul Ball, location: 2F 0-1: Ball 1-1: Ball 2-1: Called Strike 2-2: Fly out, F6 (Popup, 6D, EV 51.9 MPH)
|
| Bottom of the 6th over - 0 runs, 0 hits, 0 errors, 0 left on base; Caldwell 9 - Fargo 2 |
| TOP OF THE 7TH |
|
Caldwell Claws batting - Pitching for Fargo Brewmasters : LHP Michael Bradley
|
|
Batting: RHB Henry Bender
|
0-0: Ball 1-0: Ball 2-0: Ground out 5-3 (Groundball, 56, EV 103.8 MPH)
|
|
Pitching: RHP Fernando Bautista
|
|
|
Batting: RHB Kim Christensen
|
0-0: Ball 1-0: Ball 2-0: Foul Ball, location: 2F 2-1: Ground out 6-3 (Groundball, 6, EV 82.5 MPH)
|
|
Batting: RHB David Morales
|
0-0: Called Strike 0-1: Ground out 6-3 (Groundball, 6, EV 83.1 MPH)
|
| Top of the 7th over - 0 runs, 0 hits, 0 errors, 0 left on base; Caldwell 9 - Fargo 2 |
| BOTTOM OF THE 7TH |
|
Fargo Brewmasters batting - Pitching for Caldwell Claws : RHP Mario Galvan
|
|
Batting: RHB Juan Picart
|
0-0: Fly out, F5 (Line Drive, 5, EV 69.4 MPH)
|
|
Batting: SHB Elton Hooker
|
0-0: Ball 1-0: Ball 2-0: Called Strike 2-1: Ground out 4-3 (Groundball, 13, EV 90.0 MPH)
|
|
Batting: RHB Randall Thorpe
|
0-0: Called Strike 0-1: Ball 1-1: Foul Ball, location: 2F 1-2: Foul Ball, location: 2F 1-2: DOUBLE (Groundball, 5L, EV 107.5 MPH)
|
|
Batting: RHB David Gaunce
|
0-0: Ball 1-0: Called Strike 1-1: Ball 2-1: Called Strike 2-2: Ball 3-2: Base on Balls
|
|
Batting: SHB Angel Escobar
|
0-0: Ball 1-0: Swinging Strike 1-1: Swinging Strike 1-2: Ball 2-2: Foul Ball, location: 2F 2-2: Ball 3-2: Foul Ball, location: 2F 3-2: Strikes out swinging
|
| Bottom of the 7th over - 0 runs, 1 hit, 0 errors, 2 left on base; Caldwell 9 - Fargo 2 |
| TOP OF THE 8TH |
|
Caldwell Claws batting - Pitching for Fargo Brewmasters : RHP Fernando Bautista
|
|
Batting: LHB Miguel Negron
|
0-0: Called Strike 0-1: Fly out, F8 (Flyball, 8RD, EV 98.8 MPH)
|
|
Batting: LHB Dave Smith
|
0-0: Fly out, F9 (Flyball, 9LD, EV 86.3 MPH)
|
|
Batting: LHB Gregory Robles
|
0-0: Ball 1-0: SOLO HOME RUN (Flyball, 9D, EV 88.8 MPH), Distance : 378 ft
|
|
Batting: LHB Joseph Wesley
|
0-0: Swinging Strike 0-1: Ground out 1-3 (Groundball, 34S, EV 68.8 MPH)
|
| Top of the 8th over - 1 run, 1 hit, 0 errors, 0 left on base; Caldwell 10 - Fargo 2 |
| BOTTOM OF THE 8TH |
|
Fargo Brewmasters batting - Pitching for Caldwell Claws : RHP Mario Galvan
|
|
Batting: LHB Victor Fernandez
|
0-0: Called Strike 0-1: SINGLE (Flyball, 7LS, EV 95.6 MPH)
|
|
Batting: RHB Forace Oxendine
|
0-0: Ball 1-0: Ball 2-0: Called Strike 2-1: Fly out, F3 (Popup, 3SF, EV 74.4 MPH)
|
|
Batting: RHB Dick E Scott
|
0-0: Ball 1-0: Foul Ball, location: 2F 1-1: Ball Wild Pitch! Victor Fernandez to second 2-1: Swinging Strike 2-2: SINGLE (Groundball, 4MS, EV 66.3 MPH) (infield hit) Victor Fernandez to third
|
|
Pinch Hitting: RHB Gary Newsom
|
0-0: Called Strike 0-1: Ball 1-1: Swinging Strike 1-2: Reached on error, E6 (Groundball, 6, EV 91.9 MPH) Victor Fernandez scores Dick E Scott to second
|
|
Batting: RHB Juan Picart
|
0-0: Foul Ball, location: 2F 0-1: Ball 1-1: Ball 2-1: Reached on error, E6 (Groundball, 6, EV 83.8 MPH) Dick E Scott to third Gary Newsom to second
|
|
Batting: SHB Elton Hooker
|
0-0: Swinging Strike 0-1: Ball 1-1: Ball 2-1: Ball 3-1: SINGLE (Groundball, 6D, EV 95.6 MPH) Dick E Scott scores Gary Newsom to third Juan Picart to second Runner from 3rd tries for Home, SAFE, throw by CF to home
|
|
Batting: RHB Randall Thorpe
|
0-0: Ball 1-0: Swinging Strike 1-1: SINGLE (Line Drive, 7LS, EV 107.5 MPH) Juan Picart to third Elton Hooker to second
|
|
Batting: RHB David Gaunce
|
0-0: Ball 1-0: Foul Ball, location: 2F 1-1: Ball 2-1: Grounds into double play, 6-4-3 (Groundball, 6, EV 80.6 MPH)
|
| Bottom of the 8th over - 3 runs, 4 hits, 2 errors, 2 left on base; Caldwell 10 - Fargo 5 |
| TOP OF THE 9TH |
|
Caldwell Claws batting - Pitching for Fargo Brewmasters : RHP Fernando Bautista
|
|
Pitching: LHP Pat Larkin
|
|
|
Now at 2B: Gary Newsom
|
|
|
Batting: LHB Willie Vigil
|
0-0: Ball 1-0: Ball 2-0: Ball 3-0: Called Strike 3-1: Base on Balls
|
|
Batting: LHB Roberto Guillen
|
0-0: Called Strike 0-1: Ball 1-1: Ball 2-1: Foul Ball, location: 2F 2-2: Strikes out swinging
|
|
Batting: RHB Henry Bender
|
0-0: Ball 1-0: Ball 2-0: SINGLE (Line Drive, 9LS, EV 110.6 MPH) Willie Vigil to second Runner from 2nd tries for 3rd, SAFE, throw by RF made to third
|
|
Batting: RHB Kim Christensen
|
0-0: DOUBLE (Line Drive, 9LM, EV 106.3 MPH) Willie Vigil scores Henry Bender to third
|
|
Batting: RHB David Morales
|
0-0: SINGLE (Line Drive, 89M, EV 98.8 MPH) Henry Bender scores Kim Christensen to third
|
|
Batting: LHB Miguel Negron
|
0-0: Called Strike 0-1: SINGLE (Flyball, 5D, EV 90.6 MPH) Kim Christensen scores David Morales to second
|
|
Batting: LHB Dave Smith
|
0-0: Ball 1-0: Ball 2-0: Foul Ball, location: 2F 2-1: Ball 3-1: Called Strike 3-2: Foul Ball, location: 2F 3-2: Grounds into double play, 4-6-3 (Groundball, 4, EV 91.9 MPH)
|
| Top of the 9th over - 3 runs, 4 hits, 0 errors, 1 left on base; Caldwell 13 - Fargo 5 |
| BOTTOM OF THE 9TH |
|
Fargo Brewmasters batting - Pitching for Caldwell Claws : RHP Mario Galvan
|
|
Pinch Hitting: RHB Tomas Gil
|
0-0: Called Strike 0-1: Swinging Strike 0-2: Fly out, F4 (Popup, 3D, EV 50.6 MPH)
|
|
Batting: LHB Victor Fernandez
|
0-0: Ball 1-0: Ball 2-0: Ball 3-0: Called Strike 3-1: TRIPLE (Line Drive, 7D, EV 98.1 MPH)
|
|
Pinch Hitting: RHB Nelson Ruiz
|
0-0: Foul Ball, location: 2F 0-1: Swinging Strike 0-2: Strikes out swinging
|
|
Pinch Hitting: RHB Darold Ellison
|
0-0: Ball 1-0: SINGLE (Groundball, 34D, EV 98.1 MPH) Victor Fernandez scores
|
|
Batting: RHB Gary Newsom
|
0-0: Ball 1-0: Ball 2-0: Ball 3-0: Base on Balls Darold Ellison to second
|
|
Batting: RHB Juan Picart
|
0-0: Swinging Strike 0-1: Ball 1-1: DOUBLE (Line Drive, 89D, EV 103.1 MPH) Darold Ellison scores Gary Newsom to third
|
|
Pitching: RHP Enrique Guerra
|
|
|
Batting: SHB Elton Hooker
|
0-0: Called Strike 0-1: SINGLE (Groundball, 6M, EV 100.6 MPH) Gary Newsom scores Juan Picart to third
|
|
Batting: RHB Randall Thorpe
|
0-0: Ground out 6-3 (Groundball, 6S, EV 65.0 MPH)
|
| Bottom of the 9th over - 3 runs, 4 hits, 0 errors, 2 left on base; Caldwell 13 - Fargo 8 |
|